 Dungeon Crawl Stone Soup version 0.28.0-45-g0d030f2227 (webtiles) character file.

Game seed: 16276440587625863763

16 MisterFreud the Ruffian (level 2, 0/23 HPs)
             Began as a Draconian Transmuter on May 11, 2022.
             Slain by a gnoll
             ... wielding a +0 spear
              (5 damage)
             ... on level 2 of the Dungeon.
             The game lasted 00:00:40 (230 turns).

MisterFreud the Ruffian (Draconian Transmuter)       Turns: 230, Time: 00:00:40

Health: 0/23       AC:  4    Str: 12    XL:     2   Next: 37%
Magic:  3/5        EV: 12    Int: 13    God:
Gold:   15         SH:  0    Dex: 11    Spells: 4/5 levels left

rFire   . . .      SeeInvis .     - Unarmed
rCold   . . .      Faith    .   (no shield)
rNeg    . . .      Spirit   .   (armour unavailable)
rPois   .          Reflect  .   (helmet currently unavailable)
rElec   .          Harm     .   (no cloak)
rCorr   .          Rampage  .   (no gloves)
Will    .....                   (boots currently unavailable)
Stlth   +.........              (no amulet)
HPRegen 0.07/turn               (no ring)
MPRegen 0.09/turn               (no ring)

@: appendages (expiring)
A: horns 2, talons 2, AC +4, unfitting armour, cold-blooded
a: End Transformation


You were on level 2 of the Dungeon.
You had temporarily grown beastly horns and talons.
You visited 1 branch of the dungeon, and saw 2 of its levels.

You collected 15 gold pieces.

Inventory:

Jewellery
 a - a ring of wizardry


   Skills:
 - Level 1.5 Fighting
 - Level 2.0 Dodging
 - Level 3.1 Unarmed Combat
 - Level 2.1 Spellcasting
 + Level 2.2 Transmutations


You had 4 spell levels left.
You knew the following spells:

 Your Spells              Type           Power      Damage    Failure   Level
a - Beastly Appendage     Tmut           14%        N/A       10%         1

Your spell library contained the following spells:

 Spells                   Type           Power      Damage    Failure   Level
 Wereblood                Tmut           7%         N/A       16%         2
 Spider Form              Tmut/Pois      4%         N/A       43%         3
 Ice Form                 Ice/Tmut       4%         N/A       85%         4


Dungeon Overview and Level Annotations

Branches:
Dungeon (1/15)

Altars:


Innate Abilities, Weirdness & Mutations

You have temporarily grown beastly horns and talons.
Your plain brown scales are hard. (AC +4)
You cannot fit into any form of body armour.
You are cold-blooded and may be slowed by cold attacks.


Message History

A frilled lizard is nearby!
You barely miss the frilled lizard. The frilled lizard barely misses you.
You miss the frilled lizard.
Your tail-slap misses the frilled lizard.
You feel yourself speed up. The frilled lizard misses you.
The frilled lizard bites you.
A frilled lizard is nearby!
You closely miss the frilled lizard. You punch the frilled lizard.
You kill the frilled lizard!
No target in view!
A gnoll comes into view. It is wielding a +0 whip.
The gnoll shouts!
You hear a shout!
A gnoll is nearby!
A gnoll is nearby!
A gnoll comes into view. It is wielding a +0 spear.
You barely miss the gnoll. The gnoll hits you with a +0 whip.
A gnoll comes into view. It is wielding a +0 halberd.
You barely miss the gnoll.
The gnoll shouts!
You tail-slap the gnoll, but do no damage.
The gnoll hits you with a +0 whip.
Casting: Beastly Appendage (safe; 11% risk of failure)
Confirm with . or Enter, or press ? or * to list all spells.
You grow a pair of large bovine horns.
Your feet morph into talons.
The gnoll hits you with a +0 whip.
* * * LOW HITPOINT WARNING * * *
You hit the gnoll.
The gnoll is lightly wounded.
The gnoll barely misses you.
You hit the gnoll. You claw the gnoll.
Your tail-slap misses the gnoll.
The gnoll is heavily wounded.
The gnoll closely misses you.
You hit the gnoll. You claw the gnoll.
You kill the gnoll!
The gnoll hits you but does no damage.
Your Dodging skill increases to level 2!
You have reached level 2!
Your transformation is almost over.
The gnoll hits you from afar with a +0 spear.
You die...

♣ #.>..# .♣
#..#.# ♣♣.♣
#....# ..♣
#..###
♣♣♣♣♣♣♣.♣ #..#
♣♣.g.♣♣..♣ #..#
♣ ♣♣)♣♣.♣g.♣
#..# ♣.
♣.♣♣♣♣.♣.♣♣♣
#..# ♣.♣♣ ♣.♣
♣♣♣.@.♣♣♣♣ #..#
♣...♣♣.♣
♣♣)♣.♣.♣♣ #..#
♣.....♣♣
♣♣♣♣...♣♣#..#
♣♣..g†.♣
♣♣♣..♣#..###.##
♣...♣.♣
♣♣.♣#.......#
♣.♣♣♣.♣
♣.....###..# ♣g
.. ♣♣♣#..# # ♣.
♣.. #..# ♣. ..♣
#..#


You could see a gnoll.

Vanquished Creatures
  A gnoll (D:2)
  A bat (D:2)
  An endoplasm (D:2)
  2 goblins
  A frilled lizard (D:2)
6 creatures vanquished.

Notes
Turn   | Place    | Note
-------+----------+-------------------------------------------
     0 | D:1      | MisterFreud the Draconian Transmuter began the quest for
                  | the Orb.
     0 | D:1      | Reached XP level 1. HP: 16/16 MP: 3/3
    60 | D:1      | You fall into a shaft and drop 1 floor!
   224 | D:2      | Reached XP level 2. HP: 4/23 MP: 3/5
   230 | D:2      | Slain by a gnoll

Illustrated notes

Levels and vault maps discovered:
D:1:      minmay_arrival_open_corners, layout_loops_ring, minivault_26,
          minmay_misc_feat_rugged, minmay_misc_feat_roman
D:2:      kb_forest_paths, layout_basic, ebering_ecumenical_altar_mist,
          minmay_lizard_pond

Skill      XL: |  1 |
---------------+----+-----
Dodging        | 2 |  2.0
Fighting       | |  1.5
Unarmed Combat | |  3.1
Spellcasting   | |  2.1
Transmutations | |  2.2

Action                   || total
-------------------------++-------
Melee: Unarmed           ||    18
       Kick              ||     2
       Tailslap          ||     2
       Punch             ||     1
 Cast: Beastly Appendage ||     1
 Stab: Sleeping          ||     1
Armor: Skin              ||     4
Dodge: Dodged            ||    13
